 Dungeon Crawl Stone Soup version 0.18-a0-1800-gdc7a371 (webtiles) character file.

14253 Moloch the Severer (level 11, -5/82 HPs)
             Began as a Minotaur Fighter on Apr 24, 2016.
             Was a High Priest of Okawaru.
             Slain by an orc warrior
             ... wielding a cursed -3 long sword
             ... led by an orc knight
              (12 damage)
             ... on level 10 of the Dungeon.
             The game lasted 00:24:07 (11232 turns).

Moloch the Severer (Minotaur Fighter)              Turns: 11232, Time: 00:24:08

Health: -5/82      AC: 11    Str: 24      XL:     11   Next: 86%
Magic:  0/10       EV:  8    Int:  4 (5)  God:    Okawaru [*****.]
Gold:   753        SH:  0    Dex:  9 (10) Spells: 0 memorised, 10 levels left

rFire  + . .     SeeInvis .     z - +0 battleaxe (distort)
rCold  + . .     Gourm    .     c - +2 chain mail {rC+}
rNeg   . . .     Faith    .     (shield currently unavailable)
rPois  .         Spirit   +     (helmet restricted)
rElec  .         Dismiss  .     y - +0 cloak
rCorr  .         Reflect  .     D - +0 pair of gloves
SustAt .         Harm     .     L - +1 pair of boots {Stlth+}
MR     +....     Rnd*Rage +     n - amulet of guardian spirit (curse)
Stlth  ..........               G - ring of protection from fire
                                N - ring of protection from magic

@: somewhat resistant to hostile enchantments, extremely unstealthy
A: retaliatory headbutt, horns 2, talons 1, berserk 1, deformed body,
deterioration 1, mutation resistance 1
a: Heroism, Finesse, Renounce Religion


You were on level 10 of the Dungeon.
You worshipped Okawaru.
Okawaru was extremely pleased with you.
You were not hungry.

You visited 3 branches of the dungeon, and saw 13 of its levels.

You collected 753 gold pieces.

Inventory:

Hand Weapons
 z - a +0 battleaxe of distortion (weapon)
Armour
 c - a +2 chain mail of cold resistance (worn)
 y - a +0 cloak (worn)
 D - a +0 pair of gloves (worn)
 I - a +1 ring mail of cold resistance
 L - a +1 pair of boots of stealth (worn)
 M - a +2 chain mail of magic resistance
Jewellery
 n - a cursed amulet of guardian spirit (around neck)
 p - an uncursed amulet of dismissal
 B - an uncursed ring of resist corrosion
 G - a ring of protection from fire (right hand)
 N - a ring of protection from magic (left hand)
 Y - an uncursed amulet of faith {unknown}
Wands
 C - a wand of acid (1/15)
 F - a wand of lightning (3/15)
 Q - a wand of teleportation (3/9)
 R - a wand of digging (1/24)
 T - a wand of disintegration (11/24)
Scrolls
 a - a scroll of immolation {unknown}
 b - 2 scrolls of magic mapping {unknown}
 k - 3 scrolls of random uselessness {unknown}
 l - 2 scrolls of identify
 o - 10 scrolls of remove curse {unknown}
 r - 2 scrolls of enchant armour {unknown}
 x - a scroll of amnesia {unknown}
 A - 4 scrolls of teleportation {unknown}
 E - 3 scrolls of fog {unknown}
 H - 4 scrolls of recharging {unknown}
 J - 3 scrolls of enchant weapon {unknown}
 K - a scroll of noise {unknown}
 O - a scroll of vulnerability {unknown}
 P - 2 scrolls of blinking {unknown}
 W - a scroll of fear {unknown}
Potions
 d - a potion of might
 e - 2 potions of haste
 i - 2 potions of lignification
 j - 2 potions of magic
 s - 5 potions of curing
 t - 3 potions of cancellation
 S - 2 potions of ambrosia
 U - a potion of brilliance
Comestibles
 f - 3 bread rations
 g - 9 meat rations
 h - 2 chunks of flesh
 m - 2 beef jerkies
 w - 6 fruits


   Skills:
 - Level 3.6 Fighting
 + Level 20.7 Axes
 - Level 3.6 Armour
   Level 3.6 Shields


You had 10 spell levels left.
You didn't know any spells.

Dungeon Overview and Level Annotations

Branches:
Dungeon (10/15)            Temple (1/1) D:4            Lair (0/8) D:9
    Orc (2/2) D:10
    Elf: Orc:2

Altars:
Ashenzari
Cheibriados
Dithmenos
Elyvilon
Fedhas
Gozag
Kikubaaqudgha
Makhleb
Nemelex Xobeh
Okawaru
Pakellas
Qazlal
Ru
Sif Muna
Trog
Vehumet
Xom
Yredelemnul
Zin
The Shining One
Beogh

Shops:
D:7 [=[[(


Innate Abilities, Weirdness & Mutations

You reflexively headbutt those who attack you in melee.
You have a pair of horns on your head.
You have sharp toenails.
You tend to lose your temper in combat.
Armour fits poorly on your strangely shaped body.
Your body sometimes deteriorates upon taking damage.
You are somewhat resistant to further mutation.


Message History

You climb upwards.
There is a stone staircase leading down here.
Things that are here:
a ring mail; a book of the Sky The orc warrior hits you from afar with a trident!
* * * LOW HITPOINT WARNING * * *
The orc warrior hits you with an enchanted long sword!!
* * * LOW HITPOINT WARNING * * *
The orc warrior no longer looks unusually strong.
The orc warrior no longer looks unusually strong.
Things that are here:
a leather armour; a falchion
There is a staircase back to the Dungeon, spattered with blood here.
The orc warrior hits you but does no damage.
You climb upwards.
Welcome back to the Dungeon!
There is a staircase to the Orcish Mines here.
You hit the orc warrior.
Space bends around the orc warrior.
The orc warrior is moderately wounded.
The orc warrior hits you with an enchanted long sword!
You die...

#...# #...)....[.# #..
#######...########).........# #..
......).....................###..
............................[....
.........##########..#####.#####.
#######..# #..# #.# #. #..# #..#
#.# #. #..# ####..# #.#####.
#######..# ####@##### ###.......
.........####...o...####.........
.......###.............########..
.§....##....#.......#....## #..
.§...##....###.....###....## #..
....##.....###.8[8.###..8..# #..
....##......#....[[.#......## #..
....#..#.#..#..#'#..#..#'#..# #..
....#.##.##.#.##)##.#.##.##.# #..


You could see an orc warrior.

Vanquished Creatures
  Maud (Orc:1)
  Pikel (D:9)
  2 orc knights (Orc:1)
  An ugly thing (D:8)
  A centaur skeleton (D:10)
  Maurice (D:8)
  The ghost of graki42 the Sneak, a novice HaAs of Okawaru (D:5)
  A troll (D:9)
  Grinder (D:6)
  A wraith (D:10)
  A wyvern (D:8)
  9 yaks
  3 hippogriffs
  A steam dragon (D:9)
  3 wargs (D:9)
  2 soldier ants (D:10)
  A water moccasin (D:10)
  Duvessa (D:7)
  15 orc warriors
  4 phantoms
  4 ice beasts
  3 sky beasts
  4 slaves
  An eye of draining (D:10)
  6 ogres
  4 centaurs
  2 big kobolds
  7 giant frogs
  Dowan (D:7)
  2 scorpions
  8 killer bees
  2 howler monkeys
  2 crimson imps (D:5)
  5 hounds
  7 jellies
  12 orc priests
  A giant frog skeleton (D:8)
  5 iguanas
  22 orc wizards
  10 worker ants
  A killer bee zombie (D:7)
  A hound zombie (D:7)
  A howler monkey zombie (D:5)
  6 gnolls
  A howler monkey skeleton (D:9)
  9 adders
  2 shadow imps
  An ooze (D:3)
  An adder zombie (D:10)
  An adder skeleton (D:10)
  3 worms
  2 dart slugs
  5 giant geckos
  78 orcs
  3 bats
  6 giant cockroaches
  10 goblins
  7 hobgoblins
  14 jackals
  3 quokkas
  A ball python (D:1)
  6 giant newts
  14 kobolds
  8 rats
343 creatures vanquished.

Vanquished Creatures (others)
  A shadow (D:10)
  2 yaks
  An ogre (D:9)
  2 orc priests
  A plant (D:9)
7 creatures vanquished.

Grand Total: 350 creatures vanquished

Notes
Turn   | Place    | Note
--------------------------------------------------------------
     0 | D:1      | Moloch the Minotaur Fighter began the quest for the Orb.
     0 | D:1      | Reached XP level 1. HP: 19/19 MP: 0/0
   139 | D:1      | Reached skill level 3 in Axes
   336 | D:1      | Reached XP level 2. HP: 25/26 MP: 1/1
   867 | D:2      | Reached skill level 4 in Axes
   883 | D:2      | Reached XP level 3. HP: 31/31 MP: 2/2
  1538 | D:2      | Reached skill level 5 in Axes
  1845 | D:3      | Reached XP level 4. HP: 39/39 MP: 3/3
  2001 | D:3      | Reached skill level 6 in Axes
  2024 | D:3      | Found an opulent altar of Gozag.
  2261 | D:3      | Reached XP level 5. HP: 45/45 MP: 4/4
  2552 | D:4      | Reached skill level 7 in Axes
  2810 | D:4      | Reached XP level 6. HP: 50/51 MP: 3/5
  3032 | D:4      | Found a staircase to the Ecumenical Temple.
  3081 | Temple   | Entered the Ecumenical Temple
  3323 | D:5      | Entered Level 5 of the Dungeon
  3349 | D:5      | Reached skill level 8 in Axes
  3362 | D:5      | Noticed graki42's ghost (novice HaAs)
  3519 | D:5      | Killed graki42's ghost
  3519 | D:5      | Reached skill level 9 in Axes
  3519 | D:5      | Reached XP level 7. HP: 43/57 MP: 6/6
  4040 | D:5      | Reached skill level 10 in Axes
  4145 | D:5      | Reached skill level 11 in Axes
  4270 | D:5      | Reached XP level 8. HP: 60/64 MP: 5/7
  4522 | D:6      | Noticed Grinder
  4536 | D:6      | Paralysed by Grinder for 4 turns
  4540 | D:6      | Killed Grinder
  4540 | D:6      | Reached skill level 12 in Axes
  4751 | D:6      | Reached skill level 13 in Axes
  5246 | D:6      | Reached XP level 9. HP: 70/70 MP: 8/8
  5429 | D:7      | Reached skill level 14 in Axes
  5437 | D:7      | Found Uvael's Antique Armour Emporium.
  5706 | D:7      | Found Uteikeot's Jewellery Boutique.
  5784 | D:7      | Found Iqell's Weapon Shoppe.
  5804 | D:7      | Noticed Dowan
  5804 | D:7      | Noticed Duvessa
  5820 | D:7      | Killed Duvessa
  5828 | D:7      | Killed Dowan
  5828 | D:7      | Reached skill level 15 in Axes
  5955 | D:7      | Found Funuthunula's Armour Emporium.
  6020 | D:7      | Found Yplazxyich's Armour Shoppe.
  6304 | D:7      | Found an iron altar of Okawaru.
  6304 | D:7      | Found a deep blue altar of Sif Muna.
  6304 | D:7      | Found a glowing silver altar of Zin.
  6304 | D:7      | Found a shattered altar of Ashenzari.
  6305 | D:7      | Found an opulent altar of Gozag.
  6305 | D:7      | Found a burning altar of Makhleb.
  6317 | D:7      | Became a worshipper of Warmaster Okawaru
  6625 | D:8      | Reached skill level 16 in Axes
  6648 | D:8      | Noticed a cyan ugly thing
  6658 | D:8      | Killed a cyan ugly thing
  6658 | D:8      | Reached XP level 10. HP: 43/77 MP: 4/9
  6680 | D:8      | Gained mutation: You are frail (-10% HP). [mutagenic meat]
  6681 | D:8      | Gained mutation: Your muscles are strong. (Str +2) [mutagenic meat]
  6682 | D:8      | Gained mutation: You tend to lose your temper in combat. [mutagenic meat]
  6741 | D:8      | Found an oddly glowing altar of Pakellas.
  6991 | D:8      | Reached * piety under Okawaru
  6998 | D:8      | Noticed Maurice
  7026 | D:8      | Found a bloodstained altar of Trog.
  7047 | D:8      | Killed Maurice
  7333 | D:8      | Reached skill level 17 in Axes
  7484 | D:9      | Noticed Pikel
  7898 | D:9      | Reached ** piety under Okawaru
  8251 | D:9      | Found a staircase to the Lair.
  8365 | D:9      | Gained mutation: You often lose your temper in combat. [mutagenic meat]
  8366 | D:9      | Gained mutation: You are resistant to electric shocks. [mutagenic meat]
  8367 | D:9      | Gained mutation: Your body sometimes deteriorates upon taking damage. [mutagenic meat]
  8369 | D:9      | Gained mutation: You have sharp toenails. [mutagenic meat]
  8439 | D:9      | Reached skill level 18 in Axes
  8636 | D:9      | Reached *** piety under Okawaru
  8641 | D:9      | Killed Pikel
  8641 | D:9      | Reached XP level 11. HP: 58/73 MP: 7/10
  8988 | D:10     | Entered Level 10 of the Dungeon
  9141 | D:10     | Reached skill level 19 in Axes
  9317 | D:10     | Gained mutation: Armour fits poorly on your strangely shaped body. [mutagenic meat]
  9388 | D:10     | Found a staircase to the Orcish Mines.
  9400 | D:10     | Reached **** piety under Okawaru
  9426 | D:10     | Lost mutation: You have sharp toenails. [mutagenic meat]
  9427 | D:10     | Lost mutation: You are frail (-10% HP). [mutagenic meat]
  9431 | D:10     | Lost mutation: Your muscles are strong. (Str +2) [mutagenic meat]
  9432 | D:10     | Gained mutation: Your flesh is heat resistant. [mutagenic meat]
  9433 | D:10     | Gained mutation: You have sharp toenails. [mutagenic meat]
  9434 | D:10     | Gained mutation: Your mind is acute. (Int +2) [mutagenic meat]
 10099 | Orc:1    | Entered Level 1 of the Orcish Mines
 10103 | Orc:1    | Noticed Maud
 10124 | Orc:1    | Killed Maud
 10124 | Orc:1    | Reached skill level 20 in Axes
 10398 | Orc:2    | Entered Level 2 of the Orcish Mines
 10404 | Orc:2    | Reached ***** piety under Okawaru
 10413 | Orc:2    | Found a roughly hewn altar of Beogh.
 10415 | Orc:2    | Noticed an orc knight
 10421 | Orc:2    | Noticed an orc knight
 10426 | Orc:2    | Noticed a deep troll
 10571 | Orc:1    | Killed an orc knight
 11093 | Orc:1    | Killed an orc knight
 11175 | Orc:1    | Lost mutation: Your mind is acute. (Int +2) [potion of cure mutation]
 11175 | Orc:1    | Lost mutation: Your flesh is heat resistant. [potion of cure mutation]
 11175 | Orc:1    | Lost mutation: You often lose your temper in combat. [potion of cure mutation]
 11175 | Orc:1    | Lost mutation: You are resistant to electric shocks. [potion of cure mutation]
 11176 | Orc:1    | Gained mutation: You are somewhat resistant to further mutation. [potion of beneficial mutation]
 11201 | Orc:2    | Noticed an orc knight
 11205 | Orc:2    | Noticed an orc knight
 11210 | Orc:1    | HP: 2/82 [orc warrior/enchanted long sword[an orc knight] (16)]
 11232 | D:10     | Slain by an orc warrior

Vault maps used:
D:1:      minmay_arrival_checkered_box
D:2:      serial_bayou, serial_bayou_pond_d, serial_bayou_pond_d,
          serial_bayou_lagoon_b, serial_bayou_lake_a, serial_bayou_shore_b,
          serial_bayou_pond_d
D:3:      first_bread, grunt_gozag_statues
D:4:      temple_statues
D:6:      uniq_grinder
D:7:      grunt_temple_overflow_open, serial_shops, kennysheep_little_box,
          shop_fountains, nicolae_shop_crystal, nicolae_shop_behind_doors,
          nicolae_shop_behind_doors, uniq_duvessa
D:8:      basic_altar, johnstein_pakellas_dig, uniq_maurice
D:9:      erik_lair_orcish_takeover, uniq_pikel
D:10:     david_orc_1_choice
Temple:   minmay_temple_curvy_14
Orc:1:    basic_altar, uniq_josephine, uniq_maud, uniq_nergalle
Orc:2:    st_orc_ogre_mass, basic_altar, guppyfry_orc_lava_fort

Skill      XL: |  1  2  3  4  5  6  7  8  9 10 11 |
---------------+----------------------------------+-----
Axes           | 3 4 5 6 7 9 11 13 16 18 20 | 20.7
Fighting       | |  3.6
Armour         | |  3.6
Shields        | |  3.6

Action                   |  1- 3 |  4- 6 |  7- 9 | 10-12 || total
-------------------------+-------+-------+-------+-------++-------
Melee: War axe           |    98 |   156 |    25 |       ||   279
       Headbutt          |    13 |    27 |    42 |    66 ||   148
       Broad axe         |       |       |   272 |   111 ||   383
       Battleaxe         |       |       |       |   319 ||   319
Invok: Heroism           |       |       |       |     3 ||     3
  Use: Potion            |       |       |     1 |     4 ||     5
       Scroll            |       |       |       |    12 ||    12
  Eat: Chunk             |     3 |     5 |    11 |    39 ||    58
       Royal jelly       |       |       |       |     1 ||     1
       Fruit             |       |       |       |     1 ||     1
Armor: Scale mail        |    37 |    54 |     2 |       ||    93
       Ring mail         |       |       |    38 |       ||    38
       Chain mail        |       |       |    95 |   176 ||   271
Dodge: Dodged            |    26 |    26 |    59 |   119 ||   230
Block: Shield            |    59 |    66 |   110 |    34 ||   269
